 Dungeon Crawl Stone Soup version 0.31-a0-523-g071a6c1ffa (webtiles) character file.

Game seed: 7784006571876994548

585 AdnanSaban the Cudgeller (level 7, -10/44 HPs)
             Began as a Gargoyle Fighter on Aug 11, 2023.
             Mangled by an ogre
             ... wielding a +0 giant club
              (21 damage)
             ... on level 5 of the Dungeon.
             The game lasted 00:03:40 (4603 turns).

AdnanSaban the Cudgeller (Gargoyle Fighter)         Turns: 4603, Time: 00:03:40

Health: -10/44     AC: 17    Str: 28    XL:     7   Next: 37%
Magic:  7/7        EV:  9    Int:  8    God:
Gold:   261        SH:  4    Dex:  9    Spells: 6/6 levels left

rFire   . . .        r - +6 hammer of the Soft God {pain, rN+ SInv}
rCold   . . .        c - +0 buckler
rNeg    + + .        i - +0 chain mail
rPois   ∞            (no helmet)
rElec   +            a - +0 cloak
rCorr   .            j - +0 pair of gloves
SInv    +            (no boots)
Will    .....        (no amulet) Stlth
                     t - +6 ring of strength
HPRegen 0.27/turn    v - ring of see invisible
MPRegen 0.10/turn

%: no passive effects
@: no status effects
A: sickness immunity, AC +4, negative energy resistance 1, electricity
resistance, torment resistance 1, petrification resistance
a: no special abilities


You were on level 5 of the Dungeon.
You visited 1 branch of the dungeon, and saw 5 of its levels.

You collected 261 gold pieces.

Inventory:

Hand Weapons
 r - the +6 hammer of the Soft God (weapon) {pain, rN+ SInv}
   (You found it on level 3 of the Dungeon)

   rN+:       It protects you from negative energy.
   SInv:      It lets you see invisible.
Missiles
 l - 6 javelins
 q - 5 boomerangs
Armour
 a - a +0 cloak (worn)
 c - a +0 buckler (worn)
 i - a +0 chain mail (worn)
 j - a +0 pair of gloves (worn)
Jewellery
 t - a +6 ring of strength (left hand)
 v - a ring of see invisible (right hand)
Wands
 s - a wand of quicksilver (13)
Scrolls
 b - 3 scrolls of fog {unknown}
 e - 3 scrolls of enchant armour {unknown}
 f - 4 scrolls of identify {unknown}
 h - 2 scrolls of revelation {unknown}
 k - a scroll of blinking {unknown}
 n - a scroll of vulnerability {unknown}
 o - 3 scrolls of teleportation {unknown}
 u - a scroll of poison {unknown}
Potions
 d - 2 potions of might
 g - a potion of invisibility {unknown}
 m - a potion of mutation {unknown}
 p - a potion of attraction {unknown}
 w - a potion of curing {unknown}
 x - a potion of lignification {unknown}


   Skills:
 + Level 4.8 Fighting
 + Level 5.2 Maces & Flails
 + Level 5.2 Armour
 + Level 1.0 Dodging
 + Level 1.4 Stealth
 + Level 4.0 Shields


You had 6 spell levels left.
You didn't know any spells.
Your spell library contained the following spells:

 Spells                   Type           Power      Damage    Failure   Level
 Wereblood                Tmut           0%         N/A       97%         2
 Inner Flame              Hex/Fire       0%         N/A       100%        3
 Yara's Violent Unravell  Hex/Tmut       0%         3d3       100%        5
 Enfeeble                 Hex            0%         N/A       100%        7
 Summon Hydra             Summ           0%         N/A       100%        7
 Sublimation of Blood     Necr           Unusable   N/A       N/A         2

Dungeon Overview and Level Annotations

Branches:
Dungeon (5/15)
 Temple: D:4-7

Altars:
Makhleb
Nemelex Xobeh
Qazlal
Sif Muna
Uskayaw
Wu Jian

Annotations:
D:3 2 runed translucent doors, gyole's ghost, amateur NaSh


Innate Abilities, Weirdness & Mutations

You are immune to sickness and miasma.
Your stone body is resilient. (AC +4)
You are immune to poison.
You resist negative energy. (rN+)
You are resistant to electric shocks. (rElec)
You are resistant to unholy torment.
You are immune to petrification.


Message History

The orc is lightly wounded.
The orc hits you but does no damage.
You sock the orc!
You kill the orc!
You now have 261 gold pieces (gained 14).
You see here a +0 mace.
You hear the brisk rusting of a very distant drain.
Found a stone staircase leading up.
Found 4 stones.
You see here 4 stones.
You hear the brisk rusting of a very distant drain.
An ogre comes into view. It is wielding a +0 giant club.
Found a stormy altar of Qazlal.
The ogre shouts!
An ogre is nearby!
You hear a distant slurping noise.
The ogre hits you with a +0 giant club!!
You closely miss the ogre. The ogre hits you with a +0 giant club!
* * * LOW HITPOINT WARNING * * *
You are too injured to fight recklessly!
You are too injured to fight recklessly!
You are too injured to fight recklessly!
You are too injured to fight recklessly!
You are too injured to fight recklessly!
You are too injured to fight recklessly!
You are too injured to fight recklessly!
You are too injured to fight recklessly!
You are too injured to fight recklessly!
You are too injured to fight recklessly!
You are too injured to fight recklessly!
You are too injured to fight recklessly!
You are too injured to fight recklessly!
You are too injured to fight recklessly!
You are too injured to fight recklessly!
You are too injured to fight recklessly!
You are too injured to fight recklessly!
You hit the ogre.
The ogre is lightly wounded.
The ogre hits you with a +0 giant club!!
You die...

.#.#.###.# #.# .#.#.###.#
##.....## #.# .........#
##.......## ##.##
.#.##....####.........####...####
.#..........+.........+..........
.....(...####.........####...####
#####.#.## #.......# ##..#
#.#########......# ##.# #.#
#.......@O...# #.# #.#
#.####^####..# #.# #.# #.# .....
# #.# #.###.#.......# #.# #
#.....#.......# #
####..#..._...^. # ##.#.......#?#
# #.#.......#.# # #.# #


You could see an ogre.

Vanquished Creatures
  Sigmund (D:3)
  A black bear (D:4)
  3 hounds
  Crazy Yiuf (D:3)
  An iguana (D:4)
  An orc wizard (D:5)
  Robin (D:3)
  3 adders
  3 gnolls
  3 dart slugs
  8 orcs
  6 ball pythons
  4 bats
  10 endoplasms
  2 giant cockroaches (D:2)
  11 goblins
  10 hobgoblins
  4 jackals (D:3)
  6 kobolds
  5 quokkas
  3 frilled lizards (D:2)
  8 rats
95 creatures vanquished.

Notes
Turn   | Place    | Note
-------+----------+-------------------------------------------
     0 | D:1      | AdnanSaban the Gargoyle Fighter began the quest for the
                  | Orb.
     0 | D:1      | Reached XP level 1. HP: 14/14 MP: 1/1
   436 | D:1      | Reached XP level 2. HP: 20/20 MP: 2/2
  1244 | D:2      | Reached XP level 3. HP: 12/24 MP: 3/3
  1781 | D:2      | Reached XP level 4. HP: 29/29 MP: 4/4
  2036 | D:3      | Found a burning altar of Makhleb.
  2341 | D:3      | Noticed Sigmund
  2367 | D:3      | Killed Sigmund
  2368 | D:3      | Reached XP level 5. HP: 10/34 MP: 5/5
  2368 | D:3      | Reached XP level 6. HP: 12/39 MP: 6/6
  2537 | D:3      | Found a large runed translucent door.
  2537 | D:3      | Found a large runed translucent door.
  2540 | D:3      | Noticed gyole's ghost (amateur NaSh)
  2559 | D:3      | Noticed Robin
  2580 | D:3      | Killed Robin
  2770 | D:3      | Found a runed translucent door.
  2771 | D:3      | Noticed Crazy Yiuf
  2772 | D:3      | Identified the +6 hammer of the Soft God {pain, rN+ SInv}
  2784 | D:3      | Killed Crazy Yiuf
  2795 | D:3      | Identified the +2 hammer of the Fulmar {flame, +Blink rPois
                  | rC+ SInv}
  2952 | D:3      | Found an ornate altar of the Wu Jian Council.
  3253 | D:4      | Reached skill level 1 in Stealth
  3615 | D:4      | Reached XP level 7. HP: 39/44 MP: 7/7
  3866 | D:4      | Reached skill level 5 in Maces & Flails
  3866 | D:4      | Reached skill level 5 in Armour
  3866 | D:4      | Reached skill level 1 in Dodging
  4290 | D:5      | Entered Level 5 of the Dungeon
  4463 | D:5      | Found a sparkling altar of Nemelex Xobeh.
  4463 | D:5      | Found a shimmering blue altar of Sif Muna.
  4463 | D:5      | Found a hide-covered altar of Uskayaw.
  4598 | D:5      | Found a stormy altar of Qazlal.
  4603 | D:5      | Mangled by an ogre

Illustrated notes

Levels and vault maps discovered:
D:1:      mrwooster_arrival_statue_2, layout_basic, minmay_tromino_mix6
D:2:      layout_basic, st_stairs_9
D:3:      layout_basic, nicolae_overflow_crystal_walls,
          nicolae_wu_jian_immortal_techniques, ebering_ghost_disaster_area,
          grunt_ministairs_14, hangedman_decor_slide_cut, serial_park_tiny_2,
          uniq_sigmund, uniq_robin, uniq_crazy_yiuf_cottage
D:4:      layout_basic, dreamdust_gnoll_farm
D:5:      layout_loops_corners, gammafunk_temple_overflow_claw,
          lemuel_tele_altar, minmay_temple_entry_grid, portal_sewer_entry_b

Skill      XL: |  1  2  3  4  5  6  7 |
---------------+----------------------+-----
Fighting       | 4 |  4.8
Maces & Flails | 4 5 |  5.2
Armour         | 4 5 |  5.2
Shields        | 4 |  4.0
Stealth        | 1 |  1.4
Dodging        | 1 |  1.0

Action                     |  1- 3 |  4- 6 |  7- 9 || total
---------------------------+-------+-------+-------++-------
  Melee: Flail             |   130 |   137 |       ||   267
         Mace              |       |    35 |    30 ||    65
 Armour: Chain mail        |   100 |   131 |    22 ||   253
         Scale mail        |     5 |       |       ||     5
  Dodge: Dodged            |    58 |    97 |    20 ||   175
  Block: Buckler           |    37 |    51 |     4 ||    92

Table legend: (Time is in decaauts)
 A = Elapsed time spent in this place.
 B = Non-inter-level travel time spent in this place.
 C = Inter-level travel time spent in this place.
 D = Time resting spent in this place.
 E = Time spent auto-exploring this place.
 F = Levels seen in this place.
 G = Mean time per level.
                   A        B        C        D        E       F      G
               +--------+--------+--------+--------+--------+-----+--------+
         Total |   4691 |   4537 |    154 |    132 |   3571 |   5 |  938.2 |
       Dungeon |   4691 |   4537 |    154 |    132 |   3571 |   5 |  938.2 |
               +--------+--------+--------+--------+--------+-----+--------+

Top non-repeatable levels by time:
     D:3: 1409 daAuts
     D:1: 1240 daAuts
     D:4: 957 daAuts
     D:2: 769 daAuts
     D:5: 314 daAuts
